AoeStats
← [Marty]TheEY

Arena

509568383Analyzed
4v4 RM · 6d ago on Sep 27, 2026· 53m 24s· 8 players
Game mode
Random Map
Map size
Large (8 player)
Population
200
Speed
Normal
Resources
Standard
Victory
Conquest
Starting age
Dark Age
Ending age
Imperial Age
RankedLock teamsTeams togetherTeam positionsShared explorationLock speedFull tech treeHidden civsTurbo modeCheats
Victory
Defeat
🇹🇷 Malians · Türkiye
1911
+5
🇨🇳 Georgians · China
1895
+6
🇨🇳 Armenians · China
1724
+11
🇨🇳 Japanese · China
1502
+19
🇨🇳 Britons · China
1698
-14
🇩🇪 Jurchens · Germany
1616
-10
🇭🇰 Huns · Hong Kong SAR China
1608
-10
🇨🇳 Goths · China
1523
-7
[Marty]TheEY
10:15 Feudal Age
14:17 Castle Age
12:28 Double-Bit Axe
12:51 Horse Collar
15:59 Bow Saw
20:37 Light Cavalry
22:09 Wheelbarrow
21:59 Gold Mining
24:03 Forging
25:46 Loom
28:51 Imperial Age
27:27 Heavy Plow
27:34 Scale Barding Armor
28:24 Fletching
29:13 Bodkin Arrow
29:39 Ballistics
30:46 Chemistry
30:05 Bloodlines
29:56 Husbandry
30:18 Bracer
30:18 Padded Archer Armor
30:45 Parthian Tactics
31:12 Thumb Ring
31:31 Heavy Cavalry Archer
34:31 Leather Archer Armor
38:12 Conscription
37:44 Hussar
39:04 Scale Barding Armor
39:40 Hand Cart
40:15 Chain Barding Armor
41:56 Plate Barding Armor
41:57 Iron Casting
小白
9:53 Feudal Age
13:35 Castle Age
11:48 Double-Bit Axe
15:41 Loom
18:46 Horse Collar
20:39 Bow Saw
21:16 Wheelbarrow
21:28 Gold Mining
21:42 Heavy Plow
21:57 Stone Mining
23:46 Gold Shaft Mining
27:40 Imperial Age
26:05 Ballistics
25:36 Fletching
26:18 Bodkin Arrow
27:19 Hand Cart
27:33 Padded Archer Armor
28:23 Warwolf
28:51 Conscription
29:28 Bracer
30:30 Chemistry
30:31 Two-Man Saw
30:53 Siege Engineers
30:41 Elite Longbowman
31:39 Treadmill Crane
32:10 Masonry
32:37 Hoardings
34:15 Leather Archer Armor
35:30 Ring Archer Armor
36:59 Architecture
36:25 Murder Holes
38:01 Guilds
38:22 Coinage
38:15 Man-at-Arms
38:59 Long Swordsman
39:40 Squires
39:41 Scale Mail Armor
41:07 Banking
40:20 Two-Handed Swordsman
40:46 Gambesons
41:18 Chain Mail Armor
41:07 Champion
42:17 Yeomen
42:23 Arson
43:10 Plate Mail Armor
42:51 Forging
45:20 Fortified Wall
45:01 Guard Tower
44:57 Arrowslits
46:45 Iron Casting
49:23 Keep
Poggle-der-Fisch
10:36 Feudal Age
11:56 Double-Bit Axe
14:33 Castle Age
12:17 Horse Collar
18:45 Bow Saw
22:07 Town Watch
22:08 Loom
23:30 Wheelbarrow
27:34 Imperial Age
25:22 Gold Mining
25:24 Stone Mining
26:24 Padded Archer Armor
25:51 Pikeman
26:59 Fortified Wall
27:32 Leather Archer Armor
28:10 Hand Cart
29:28 Bloodlines
29:18 Husbandry
29:47 Scale Barding Armor
30:06 Conscription
29:49 Elite Steppe Lancer
31:20 Chain Barding Armor
32:11 Masonry
33:02 Plate Barding Armor
34:53 Forging
37:13 Light Cavalry
45:45 Heavy Plow
断刀客
10:43 Feudal Age
11:54 Double-Bit Axe
14:25 Castle Age
12:15 Horse Collar
14:06 Man-at-Arms
15:23 Bow Saw
15:16 Heavy Plow
18:13 Long Swordsman
19:52 Scale Mail Armor
26:20 Loom
27:53 Chain Mail Armor
27:32 Gold Mining
33:08 Squires
32:48 Pikeman
34:41 Forging
35:17 Wheelbarrow
39:50 Imperial Age
38:29 Stone Mining
40:27 Iron Casting
39:52 Capped Ram
39:55 Two-Handed Swordsman
42:13 Blast Furnace
41:15 Champion
43:20 Anarchy
44:01 Conscription
44:19 Perfusion
45:29 Perfusion
44:52 Elite Huskarl
45:59 Perfusion
48:09 Town Watch
48:32 Halberdier
49:41 Hand Cart
大铁牛
10:27 Feudal Age
14:01 Castle Age
12:20 Double-Bit Axe
13:17 Horse Collar
15:02 Bow Saw
16:26 Loom
20:58 Wheelbarrow
26:15 Imperial Age
23:54 Padded Archer Armor
24:06 Heavy Plow
24:11 Town Watch
24:19 Gold Mining
25:06 Leather Archer Armor
25:04 Stone Mining
26:01 Hand Cart
26:19 Fletching
27:56 Chemistry
27:57 Ring Archer Armor
27:53 Ballistics
28:04 Bodkin Arrow
29:34 Conscription
30:30 Treadmill Crane
31:01 Masonry
32:48 Gold Shaft Mining
32:48 Stone Shaft Mining
32:30 Tigui
35:08 Elite Skirmisher
36:45 Architecture
36:11 Murder Holes
37:57 Crop Rotation
37:57 Fortified Wall
38:20 Coinage
38:57 Guilds
39:38 Banking
39:20 Scale Mail Armor
39:31 Forging
39:23 Squires
39:08 Elite Gbeto
40:31 Chain Mail Armor
42:18 Plate Mail Armor
42:28 Arson
43:48 Iron Casting
44:07 Scale Barding Armor
44:04 Farimba
44:58 Bloodlines
44:49 Husbandry
44:10 Cavalier
45:52 Chain Barding Armor
47:38 Plate Barding Armor
52:37 Hoardings
Toni Kroos
1:27 Loom
10:05 Feudal Age
10:42 Double-Bit Axe
14:41 Castle Age
13:19 Horse Collar
15:50 Bow Saw
15:40 Heavy Plow
16:20 Wheelbarrow
24:06 Gold Mining
24:07 Stone Mining
24:33 Town Watch
25:28 Gold Shaft Mining
24:58 Loom
25:17 Heavy Plow
28:43 Imperial Age
26:23 Fletching
26:37 Padded Archer Armor
26:54 Treadmill Crane
27:34 Ballistics
27:11 Bodkin Arrow
28:08 Murder Holes
29:35 Leather Archer Armor
30:25 Chemistry
28:47 Heavy Cavalry Archer
30:06 Husbandry
30:39 Parthian Tactics
30:20 Thumb Ring
30:41 Bracer
30:56 Bloodlines
31:27 Scale Mail Armor
31:37 Forging
31:46 Guard Tower
32:27 Ring Archer Armor
32:46 Elite Skirmisher
40:50 Keep
43:20 Masonry
42:57 Arrowslits
45:15 Fortified Wall
46:41 Coinage
47:06 Siege Engineers
51:12 Caravan
黑炎柠檬茶
10:49 Feudal Age
12:13 Double-Bit Axe
14:58 Castle Age
13:05 Horse Collar
15:44 Wheelbarrow
16:20 Bow Saw
22:15 Fervor
23:29 Gold Mining
27:44 Imperial Age
25:32 Scale Barding Armor
25:29 Scale Mail Armor
25:40 Forging
26:28 Chain Mail Armor
26:17 Loom
26:50 Hand Cart
25:59 Man-at-Arms
26:43 Long Swordsman
27:24 Squires
27:25 Gambesons
28:26 Gold Shaft Mining
28:44 Iron Casting
27:57 Two-Handed Swordsman
28:50 Champion
29:55 Fereters
30:30 Plate Mail Armor
30:51 Stone Mining
32:33 Blast Furnace
34:05 Elite Composite Bowman
34:41 Fletching
35:47 Bodkin Arrow
36:14 Ballistics
37:00 Chemistry
37:33 Bracer
37:34 Padded Archer Armor
39:32 Conscription
40:06 Arson
40:59 Leather Archer Armor
42:32 Ring Archer Armor
42:08 Scale Barding Armor
44:26 Chain Barding Armor
53:33 Cilician Fleet
53:42 Masonry
53:14 Treadmill Crane
53:45 Fortified Wall
53:30 Murder Holes
夏天九号
9:38 Feudal Age
11:05 Double-Bit Axe
14:00 Castle Age
12:33 Horse Collar
15:09 Bow Saw
20:02 Wheelbarrow
20:43 Heavy Plow
21:29 Town Watch
21:38 Loom
21:44 Fletching
26:06 Hand Cart
30:36 Imperial Age
28:48 Bodkin Arrow
29:01 Padded Archer Armor
30:03 Gold Mining
30:04 Stone Mining
30:46 Masonry
30:57 Ballistics
31:18 Bracer
31:51 Architecture
31:05 Capped Ram
32:23 Siege Engineers
32:38 Fortified Wall
34:27 Hoardings
35:05 Treadmill Crane
36:35 Guilds
36:38 Siege Ram
38:58 Chemistry
39:06 Guard Tower
39:02 Arrowslits
39:52 Leather Archer Armor
39:59 Svan Towers
41:02 Keep
41:25 Elite Skirmisher
44:10 Conscription
53:47 Crop Rotation
Connection lost

Rejoining the realm…

Still unreachable

The connection could not be restored.

Session expired

The server has moved on; the page needs a fresh start.